 Dungeon Crawl Stone Soup version bcrawl-1.13.4 (webtiles) character file.

Game seed: 2803125119596117656

337 Chiseanne the Sneak (level 6, 0/30 HPs)
             Began as a Spriggan Archaeologist on Aug 19, 2019.
             Slain by a centaur (6 damage)
             ... on level 5 of the Dungeon.
             The game lasted 00:11:58 (4576 turns).

Chiseanne the Sneak (Spriggan Archaeologist)        Turns: 4576, Time: 00:11:59

Health: 0/30       AC:  1    Str:  8    XL:     6   Next: 28%
Magic:  7/7        EV: 21    Int: 15    God:
Gold:   153        SH:  0    Dex: 16    Spells: 5/5 levels left

rFire    + . .     SeeInvis +   s - +2 quarterstaff
rCold    + . .     Gourm    .   (shield currently unavailable)
rNeg     + . .     Faith    .   b - +1 robe
rPois    +         Spirit   .   f - -2 hat of the Alchemist {rElec rPois rF+ rC+ rN+ MR+ rMut rCorr}
rElec    +         Reflect  .   (no cloak)
rCorr    +         Harm     .   (gloves unavailable)
rMut     +                      (boots unavailable)
MR       +++..                  (no amulet)
Stlth    +++.......             m - ring of protection from magic
HPRegen  0.10/turn              k - ring of wizardry
MPRegen  0.10/turn

@: very quick
A: very small, unfitting armour, see invisible, herbivore, speed 3, slow
metabolism 2
a: no special abilities


You were on level 5 of the Dungeon.
You were full.

You visited 1 branch of the dungeon, and saw 5 of its levels.

You collected 153 gold pieces.

Inventory:

Hand Weapons
 a - a +1 short sword
 p - a +3 falchion of holy wrath
 s - a +2 quarterstaff (weapon)
Missiles
 d - 1047 stones (quivered)
 l - 337 arrows
 o - 481 poisoned needles
 q - a throwing net {!f}
 u - 99 sling bullets
Armour
 b - a +1 robe (worn)
 c - a +2 hat
 f - the -2 hat of the Alchemist (worn) {rElec rPois rF+ rC+ rN+ MR+ rMut rCorr}

   It protects you from fire.
   It protects you from cold.
   It insulates you from electricity.
   It protects you from poison.
   It protects you from negative energy.
   It affects your resistance to hostile enchantments.
   It provides partial protection from all sources of acid and corrosion.
   It protects you from mutation.
Jewellery
 k - a ring of wizardry (right hand)
 m - a ring of protection from magic (left hand)
Scrolls
 i - 2 scrolls of identify
 j - 3 scrolls of teleportation
 r - a scroll of remove curse
 t - a scroll of amnesia
 v - a scroll of enchant armour
Potions
 h - a potion of magic
 n - a potion of brilliance
Comestibles
 g - 2 rations {!d}


   Skills:
 * Level 1.9 Fighting
   Level 0.6 Maces & Flails
 - Level 5.3 Armour
 * Level 5.4 Dodging
 * Level 6.0 Stealth


You had 5 spell levels left.
You didn't know any spells.
Your spell library was empty.

Dungeon Overview and Level Annotations

Branches:
Dungeon (5/12)
 Temple: D:4-7

Altars:
Ashenzari
Dithmenos
Kikubaaqudgha
Nemelex Xobeh
Sif Muna
Trog
Vehumet
Yredelemnul

Annotations:
D:3 3 runed translucent doors, kmx's ghost, weakling FoAc
D:4 Blork the orc; Ijyb; Pikel


Innate Abilities, Weirdness & Mutations

You are very small and have problems with some larger weapons.
You are too small for most types of armour.
You have supernaturally acute eyesight. (SInv)
You are a herbivore.
You cover ground extremely quickly.
You need to consume almost no food.


Message History

There are no items here.
The centaur shouts!
You hear a shout!
You hear a chilling moan.
The centaur completely misses you.
You closely miss the centaur. The centaur closely misses you.
The centaur hits you.
A quasit comes into view.
You hit the centaur.
The centaur is moderately wounded.
The centaur hits you! x2
* * * LOW HITPOINT WARNING * * *
Wield which item (- for none, * to show all)? (? for menu, Esc to quit)
s - a +2 quarterstaff (weapon)
You hit the centaur but do no damage.
The centaur is lightly wounded.
The centaur misses you. The centaur hits you.
* * * LOW HITPOINT WARNING * * *
You completely miss the centaur.
The centaur is lightly wounded.
The centaur hits you.
You die...

#...#. ##.#
....#.#####..
.#........#.#
.....#.#..#.#
.#.#........#
.....#.#.#########
.##.............#
#######.......".#
........#@#.#.#.#
#########c......#
#.#.#.#.#
........#
..#5#.#.#
.........#
........##
..>......#


You could see a centaur and a quasit.

Vanquished Creatures
  A centaur (D:3)
  A crimson imp (D:4)
  A hound (D:4)
  Terence (D:2)
  6 adders
  An ooze (D:2)
  3 dart slugs
  3 worms
  5 leopard geckos
  8 orcs (D:3)
  6 bats
  6 giant cockroaches
  8 hobgoblins
  11 jackals
  2 quokkas
  A frilled lizard (D:3)
  7 goblins
  11 kobolds
  3 rats
85 creatures vanquished.

Notes
Turn   | Place    | Note
-------+----------+-------------------------------------------
     0 | D:1      | Chiseanne the Spriggan Archaeologist began the quest for
                  | the Orb.
     0 | D:1      | Reached XP level 1. HP: 9/9 MP: 2/2
     2 | D:1      | Noticed a merfolk
     2 | D:1      | Noticed a naga
     4 | D:1      | Noticed a formicid
     4 | D:1      | Noticed an elf
     6 | D:1      | Noticed a draconian
     6 | D:1      | Noticed a human
     8 | D:1      | Noticed a vampire
     8 | D:1      | Noticed a halfling
    10 | D:1      | Noticed a centaur
    10 | D:1      | Noticed a demonspawn
    12 | D:1      | Noticed a felid
    12 | D:1      | Noticed a vine stalker
    14 | D:1      | Noticed a gargoyle
    16 | D:1      | Noticed a dwarf
    16 | D:1      | Noticed a tengu
    18 | D:1      | Noticed an octopode
    20 | D:1      | Noticed a demigod
    20 | D:1      | Noticed an ogre
    22 | D:1      | Noticed a troll
    24 | D:1      | Noticed a spriggan
    26 | D:1      | Noticed a minotaur
    26 | D:1      | Noticed a ghoul
    73 | D:1      | Reached skill level 1 in Fighting
    73 | D:1      | Reached skill level 5 in Stealth
   188 | D:1      | Reached XP level 2. HP: 12/14 MP: 3/3
   870 | D:2      | Noticed Terence
  1170 | D:2      | Reached skill level 5 in Dodging
  1180 | D:2      | Reached XP level 3. HP: 18/18 MP: 4/4
  1184 | D:2      | Found a shattered altar of Ashenzari.
  1207 | D:2      | Found a radiant altar of Vehumet.
  1211 | D:2      | Found a basalt altar of Yredelemnul.
  1318 | D:2      | Reached skill level 1 in Armour
  1452 | D:2      | Found a shadowy altar of Dithmenos.
  1452 | D:2      | Found an ancient bone altar of Kikubaaqudgha.
  1688 | D:2      | Found a deep blue altar of Sif Muna.
  1799 | D:2      | Found a sparkling altar of Nemelex Xobeh.
  1918 | D:2      | Killed Terence
  1918 | D:2      | Reached XP level 4. HP: 21/22 MP: 5/5
  1937 | D:2      | Found a bloodstained altar of Trog.
  2196 | D:3      | Found a runed translucent gate.
  2196 | D:3      | Found a runed translucent gate.
  2196 | D:3      | Found a runed translucent gate.
  2202 | D:3      | Noticed kmx's ghost (weakling FoAc)
  2217 | D:3      | Noticed a centaur
  2254 | D:3      | Killed a centaur
  2254 | D:3      | Reached XP level 5. HP: 3/25 MP: 6/6
  2771 | D:3      | Reached skill level 5 in Armour
  3868 | D:4      | Reached XP level 6. HP: 5/30 MP: 7/7
  4143 | D:4      | Noticed Pikel
  4143 | D:4      | Noticed a slave
  4143 | D:4      | Noticed a slave
  4143 | D:4      | Noticed a slave
  4143 | D:4      | Noticed a slave
  4408 | D:4      | Noticed Ijyb
  4472 | D:4      | Reached skill level 6 in Stealth
  4530 | D:4      | Noticed Blork the orc
  4562 | D:5      | Entered Level 5 of the Dungeon
  4576 | D:5      | Slain by a centaur

Skill      XL: |  1  2  3  4  5  6 |
---------------+-------------------+-----
Fighting       | 1 |  1.9
Stealth        | 5 6 |  6.0
Dodging        | 5 |  5.4
Armour         | 2 4 5 |  5.3
Maces & Flails | |  0.6

Action                   |  1- 3 |  4- 6 || total
-------------------------+-------+-------++-------
Melee: Whip              |    40 |       ||    40
       Short sword       |   112 |    23 ||   135
       Quarterstaff      |    32 |   182 ||   214
Throw: Stone             |       |     4 ||     4
  Use: Scroll            |    11 |     2 ||    13
       Potion            |       |     4 ||     4
 Stab: Sleeping          |    12 |     6 ||    18
       Distracted        |     2 |     1 ||     3
  Eat: Ration            |       |     2 ||     2
Armor: Robe              |    30 |    16 ||    46
Dodge: Dodged            |   175 |   247 ||   422
